Map: Prion Terraces

Players

DelaSomBra - Winner!

  • Race: Zerg Zerg
  • League: Master

Miszu

  • Race: Protoss Protoss
  • League: Master

VOD

Have the link to the VOD?

Description

Time

  • Played on: April 1, 2016, 5:40 p.m.
  • Length: 8:59
Show
View Real Time Build Order
Export as new Build Order

DelaSomBra Zerg - Winner!

Build Orders: Hatch First, Lurkers 

Get SALT Encoding   

  12  0:01  Drone  
  13  0:08  Drone  
  14  0:18  Extractor  
  14  0:20  Drone  
  14  0:21  Extractor, Drone  
  16  0:42  Hatchery  
  15  0:48  Overlord  
  15  1:05  Spawning Pool  
  15  1:07  Drone  
  15  1:10  Drone  
  16  1:13  Drone  
  16  1:18  Drone  
  18  1:21  Extractor  
  17  1:31  Drone  
  18  1:38  Extractor  
  18  1:39  Drone  
  18  1:51  Queen  
  18  1:52  Drone  
  21  1:55  Drone  
  22  2:02  Queen  
  22  2:07  Drone  
  25  2:09  Drone  
  25  2:14  Drone  
  27  2:17  Drone  
  28  2:23  Overlord  
  28  2:36  Metabolic Boost  
  28  2:42  Drone x2, Hatchery  
  29  2:45  Drone  
  29  2:47  Drone  
  31  2:54  Drone  
  31  2:55  Zergling x2  
  31  2:58  Overlord  
  33  3:03  Queen  
  35  3:07  Drone  
  35  3:10  Lair  
  36  3:17  Drone x2  
  36  3:18  Overlord, Drone  
  40  3:27  Drone x2  
  40  3:32  Drone  
  40  3:33  Drone x2  
  44  3:38  Extractor x2  
  44  3:40  Extractor, Drone x2  
  42  3:49  Drone x4  
  42  3:55  Queen, Drone  
  47  3:57  Overlord x2  
  49  4:08  Drone x2  
  49  4:09  Zergling x4  
  53  4:15  Hydralisk Den  
  53  4:16  Evolution Chamber  
  51  4:19  Drone x5  
  56  4:26  Zergling x10  
  61  4:32  Spore Crawler  
  61  4:33  Spore Crawler  
  61  4:36  Spore Crawler  
  58  4:38  Zergling x4  
  58  4:39  Drone  
  58  4:42  Zerg Missile Weapons Level 1  
  61  4:48  Drone  
  61  4:49  Muscular Augments  
  61  4:51  Drone x3  
  61  4:52  Zergling x2  
  66  4:55  Overlord  
  66  5:03  Overseer  
  66  5:12  Overlord  
  64  5:14  Overlord x2  
  64  5:15  Hydralisk x2  
  64  5:16  Hydralisk x2  
  72  5:28  Overlord x4  
  72  5:49  Drone x5  
  79  5:50  Hydralisk, Drone x2  
  79  5:51  Hydralisk x3  
  79  5:54  Hatchery  
  85  6:02  Lurker Den  
  84  6:10  Hydralisk x4  
  84  6:11  Hydralisk x3  
  98  6:25  Extractor  
  98  6:27  Extractor  
  95  6:33  Drone x3  
  95  6:34  Drone x3  
  95  6:35  Drone x3  
  95  6:36  Hydralisk x3  
  110  6:41  Zerg Missile Weapons Level 2  
  110  6:48  Hydralisk x3  
  110  6:51  Drone  
  110  7:19  Hydralisk x6  
  110  7:20  Drone x4  
  110  7:21  Drone  
  125  7:30  Lurker  
  125  7:31  Lurker x2  
  125  7:33  Overlord x6  
  125  7:35  Extractor  
  125  7:36  Extractor  
  126  7:45  Infestation Pit, Zergling x6  
  126  7:47  Overlord x3  
  128  7:59  Lurker x5  
  128  8:01  Zergling x4  
  128  8:02  Zergling x8  
  128  8:04  Spine Crawler  
  138  8:05  Spine Crawler  
  138  8:06  Spine Crawler  
  136  8:13  Zergling x4  
  136  8:14  Zergling x14, Hydralisk  
  136  8:15  Hydralisk x2  
  151  8:22  Overseer, Hatchery  
  151  8:23  Overseer  
  134  8:41  Spire  
Show
View Real Time Build Order
Export as new Build Order

Miszu Protoss 

Build Orders: 1 Gate Expand, Phoenix Opening 

Get SALT Encoding   

  12  0:01  Probe (Chrono Boost)  
  13  0:12  Probe (Chrono Boost)  
  14  0:19  Pylon  
  14  0:22  Probe (Chrono Boost)  
  15  0:37  Probe (Chrono Boost)  
  15  0:40  Gateway  
  16  0:47  Probe (Chrono Boost)  
  17  0:58  Probe (Chrono Boost)  
  18  1:08  Probe (Chrono Boost)  
  19  1:15  Nexus  
  19  1:19  Probe (Chrono Boost)  
  19  1:22  Assimilator  
  20  1:30  Probe (Chrono Boost)  
  21  1:35  Cybernetics Core  
  21  1:46  Pylon  
  22  1:52  Zealot  
  23  2:04  Probe (Chrono Boost)  
  24  2:09  Assimilator  
  24  2:12  Assimilator  
  24  2:13  Warp Gate  
  24  2:15  Probe (Chrono Boost)  
  25  2:25  Probe (Chrono Boost)  
  26  2:30  Probe (Chrono Boost)  
  26  2:36  Probe (Chrono Boost)  
  28  2:41  Mothership Core (Chrono Boost)  
  30  2:46  Adept, Probe (Chrono Boost)  
  33  2:57  Probe (Chrono Boost)  
  34  2:59  Probe (Chrono Boost)  
  34  3:03  Stargate  
  35  3:07  Probe (Chrono Boost)  
  35  3:08  Assimilator  
  35  3:10  Probe (Chrono Boost)  
  37  3:18  Probe (Chrono Boost)  
  38  3:20  Probe (Chrono Boost)  
  38  3:24  Gateway  
  39  3:28  Probe (Chrono Boost)  
  39  3:31  Probe (Chrono Boost)  
  39  3:32  Gateway  
  39  3:33  Pylon  
  41  3:39  Probe (Chrono Boost)  
  42  3:41  Probe (Chrono Boost)  
  43  3:48  Phoenix (Chrono Boost)  
  43  3:49  Probe  
  43  3:50  Probe  
  47  4:01  Probe  
  48  4:03  Probe  
  49  4:11  Phoenix (Chrono Boost)  
  49  4:12  Nexus  
  49  4:16  Probe  
  49  4:17  Pylon  
  52  4:19  Probe  
  53  4:28  Probe  
  53  4:30  Robotics Facility  
  54  4:33  Probe  
  54  4:38  Phoenix (Chrono Boost)  
  57  4:40  Probe  
  57  4:44  Probe  
  59  4:51  Forge  
  59  4:53  Twilight Council, Probe  
  59  4:54  Probe  
  61  5:04  Pylon  
  61  5:05  Probe  
  62  5:10  Pylon  
  62  5:21  Probe  
  62  5:22  Probe  
  62  5:23  Probe, Observer, Phoenix (Chrono Boost)  
  62  5:24  Protoss Ground Weapons Level 1 (Chrono Boost)  
  62  5:25  Photon Cannon  
  62  5:26  Adept  
  62  5:27  Adept  
  72  5:31  Probe  
  72  5:33  Probe  
  72  5:34  Probe  
  72  5:35  Resonating Glaives  
  75  5:42  Probe  
  75  5:44  Immortal, Probe  
  75  5:47  Probe  
  82  5:52  Probe  
  82  5:53  Adept  
  85  6:07  Probe  
  85  6:08  Probe  
  85  6:18  Pylon  
  85  6:22  Pylon  
  85  6:26  Gateway  
  85  6:28  Gateway  
  85  6:30  Gateway  
  85  6:34  Immortal (Chrono Boost)  
  85  6:35  Probe x2  
  85  6:36  Phoenix (Chrono Boost)  
  93  6:43  Pylon x2  
  93  6:46  Gateway  
  93  6:48  Robotics Facility, Gateway  
  93  6:50  Gateway  
  93  6:52  Probe x2  
  93  6:53  Gateway  
  95  6:54  Gateway  
  95  7:04  Adept x3  
  94  7:17  Immortal (Chrono Boost)  
  96  7:23  Pylon  
  96  7:27  Adept x2  
  100  7:31  Pylon  
  100  7:34  Pylon  
  100  7:35  Pylon x2  
  100  7:37  Pylon  
  100  7:42  Immortal (Chrono Boost)  
  104  7:45  Adept x2  
  108  7:56  Immortal (Chrono Boost)  
  108  7:58  Assimilator x2  
  112  8:00  Templar Archives  
  112  8:01  Stalker  
  112  8:05  Zealot x3  
  120  8:14  Sentry  
  120  8:17  Immortal (Chrono Boost)  
  126  8:20  Probe  
  126  8:25  Pylon, Zealot x5  
  126  8:26  Zealot x2  
  123  8:44  Zealot x2  
  123  8:45  Zealot x4  
Tags
 
Add a new tag
Caveats
  • Supply blocks, unpowered buildings, or Contaminate may cause inaccurate times.
  • Supply counts are checked every 10 seconds.